 Dungeon Crawl Stone Soup version 0.31-a0-210-gccc998df9b (webtiles) character file.

Game seed: 11685804381833056906

90 qw the Shooter (level 4, 0/26 HPs)
             Began as a Gargoyle Hexslinger on June 30, 2023.
             Killed by divine providence
             ... invoked by an orc priest
              (11 damage)
             ... on level 3 of the Dungeon.
             The game lasted 00:00:30 (1177 turns).

qw the Shooter (Gargoyle Hexslinger)                Turns: 1177, Time: 00:00:31

Health: 0/26       AC:  6    Str: 11    XL:     4   Next: 56%
Magic:  5/5        EV: 11    Int: 14    God:
Gold:   1          SH:  0    Dex: 14    Spells: 4/5 levels left

rFire   . . .        Y - +2 sling
rCold   + . .        (no shield)
rNeg    + . .        j - +0 leather armour
rPois   inf          (no helmet)
rElec   +            (no cloak)
rCorr   .            (no gloves)
SInv    .            (no boots)
Will    +....        e - amulet of regeneration
Stlth   +            f - ring of protection from cold
HPRegen 1.04/turn    h - ring of willpower
MPRegen 0.09/turn

%: no passive effects
@: no status effects
A: sickness immunity, AC +3, negative energy resistance 1, electricity
resistance, torment resistance 1, petrification resistance
a: no special abilities


You were on level 3 of the Dungeon.
You visited 1 branch of the dungeon, and saw 3 of its levels.

You collected 101 gold pieces.
You spent 100 gold pieces at shops.


Innate Abilities, Weirdness & Mutations

You are immune to sickness and miasma.
Your stone body is resilient. (AC +3)
You are immune to poison.
You resist negative energy. (rN+)
You are resistant to electric shocks. (rElec)
You are resistant to unholy torment.
You are immune to petrification.


   Skills:
 - Level 2.3 Fighting
 + Level 4.2 Ranged Weapons
 - Level 1.5 Dodging
 - Level 1.0 Spellcasting
 - Level 2.6 Hexes


You had 4 spell levels left.
You knew the following spells:

 Your Spells              Type           Power      Damage    Failure   Level
a - Slow                  Hex            32%        N/A       12%         1

Your spell library contained the following spells:

 Spells                   Type           Power      Damage    Failure   Level
 Inner Flame              Hex/Fire       4%         N/A       52%         3
 Portal Projectile        Hex/Tloc       8%         N/A       52%         3
 Cause Fear               Hex            4%         N/A       75%         4

Inventory:

Hand Weapons
 Y - a +2 sling (weapon)
Armour
 j - a +0 leather armour (worn)
Jewellery
 e - an amulet of regeneration (around neck)
 f - a ring of protection from cold (left hand)
 h - a ring of willpower (right hand)
Scrolls
 d - a scroll of teleportation
 k - a scroll of identify
Potions
 g - a potion of attraction {unknown}
 i - a potion of berserk rage {unknown}
 l - a potion of enlightenment {unknown}

Dungeon Overview and Level Annotations

Branches:
Dungeon (3/15)

Altars:

Shops:
D:2 *

Annotations:
D:3 Jessica


Message History

You kill the orc!
You shoot a sling bullet.
The sling bullet hits the orc but does no damage.
The orc is heavily wounded.
You hear a shout!
You shoot a sling bullet.
The sling bullet hits the orc but does no damage.
The orc is heavily wounded.
Jessica the Apprentice Sorceress comes into view.
She is wielding a +0 club.
You shoot a sling bullet.
The sling bullet closely misses the orc.
You hear a bark!
The orc priest calls down the wrath of Beogh upon you.
Beogh smites you!
Ouch! That really hurt!
The orc hits you with a +0 whip.
A jackal comes into view.
You shoot a sling bullet. The sling bullet hits the orc.
The orc is almost dead.
The orc barely misses you. Jessica hits you with a +0 club.
You shoot a sling bullet. The sling bullet hits the orc.
You kill the orc!
You hear a bark!
A jackal comes into view.
The jackal barely misses you.
Jessica casts a spell.
Jessica blinks!
A worm comes into view.
You shoot a sling bullet. The sling bullet hits the jackal.
The jackal is almost dead.
The jackal bites you but does no damage. x2
The jackal closely misses you.
You shoot a sling bullet. The sling bullet hits the jackal.
You kill the jackal!
The jackal bites you but does no damage.
Jessica casts a spell at you. You resist with some effort.
The orc priest invokes the aid of Beogh against you.
Beogh smites you!
You die...

#w .# #. .# #.
.# .# ##.#.##
.... ..).@ ...
.o.#.#
####.#####h.#.#
..........@)#.#
#....[..##.##.#
#.......##.##.#
#..........##.#
#.......#####.#
#............<#
#.......#######
#.####### #


You could see a worm, an orc priest, Jessica and a jackal.

Vanquished Creatures
  An orc priest (D:2)
  2 adders (D:2)
  A worm (D:1)
  5 orcs
  5 ball pythons
  A bat (D:2)
  2 endoplasms (D:1)
  3 goblins
  7 hobgoblins
  A jackal (D:3)
  2 kobolds (D:1)
  A quokka (D:2)
  3 frilled lizards
  5 rats
39 creatures vanquished.

Notes
Turn   | Place    | Note
-------+----------+-------------------------------------------
     0 | D:1      | qw the Gargoyle Hexslinger began the quest for the Orb.
     0 | D:1      | Reached XP level 1. HP: 12/12 MP: 2/2
     0 | D:1      | 0 ||| qw: Version: 0.3-a-24-ga2abf7b
     0 | D:1      | 0 ||| qw: Game counter: 7122
     0 | D:1      | 0 ||| qw: Melee chars always use a shield: true
     0 | D:1      | 0 ||| qw: God list: Okawaru
     0 | D:1      | 0 ||| qw: Allow faded altars: false
     0 | D:1      | 0 ||| qw: Do Orc after clearing Dungeon:15 true
     0 | D:1      | 0 ||| qw: Do second Lair branch before Depths: true
     0 | D:1      | 0 ||| qw: Lair rune preference: random
     0 | D:1      | 0 ||| qw: Goals: Normal
     0 | D:1      | 0 ||| PLANNING D:1-11
   139 | D:1      | Reached XP level 2. HP: 16/16 MP: 3/3
   405 | D:1      | Reached skill level 3 in Ranged Weapons
   642 | D:1      | 642 ||| UPGRADING to amulet of regeneration.
   647 | D:1      | 647 ||| UPGRADING to ring of protection from cold.
   648 | D:1      | 648 ||| READING scroll labelled PEESHU AS YLYLE.
   649 | D:1      | 649 ||| DROPPING scroll of poison.
   684 | D:2      | 684 ||| STAIRDANCE
   779 | D:2      | Reached XP level 3. HP: 21/21 MP: 4/4
  1003 | D:2      | Found Ofaff's Assorted Antiques.
  1013 | D:2      | 1013 ||| BUYING fizzy emerald potion (15 gold).
  1013 | D:2      | Bought a fizzy emerald potion for 15 gold pieces
  1013 | D:2      | 1013 ||| BUYING glowing cabochon ring (85 gold).
  1013 | D:2      | Bought a glowing cabochon ring for 85 gold pieces
  1013 | D:2      | 1013 ||| SHOPLISTING leather armour (34 gold, have 1).
  1013 | D:2      | 1013 ||| SHOPLISTING scroll labelled MOGOUC DEMINA (17
                  | gold, have 1).
  1013 | D:2      | 1013 ||| SHOPLISTING scroll labelled QEDASKEBO UBBU (17
                  | gold, have 1).
  1013 | D:2      | 1013 ||| SHOPLISTING scroll of identify (34 gold, have 1).
  1065 | D:2      | Reached skill level 4 in Ranged Weapons
  1065 | D:2      | Reached XP level 4. HP: 17/26 MP: 5/5
  1114 | D:2      | 1114 ||| UPGRADING to +0 leather armour.
  1124 | D:2      | 1124 ||| DROPPING +0 robe.
  1125 | D:2      | 1125 ||| UPGRADING to ring of willpower.
  1126 | D:2      | 1126 ||| READING scroll labelled KUEMNYO COOSUA.
  1127 | D:2      | 1127 ||| READING scroll labelled QEEWIW MUHYSO.
  1128 | D:2      | 1128 ||| READING 2 scrolls labelled QEDASKEBO UBBU.
  1172 | D:3      | Noticed Jessica
  1177 | D:3      | Killed from afar by an orc priest

Levels and vault maps discovered:
D:1:      minmay_arrival_jagged, layout_loops_ring
D:2:      layout_basic, serial_shops, nicolae_diamond_shop
D:3:      layout_loops_ring, minmay_ruptured, uniq_jessica

Skill      XL: |  1  2  3 |
---------------+----------+-----
Ranged Weapons | 3 4 |  4.2
Fighting       | 2 |  2.3
Dodging        | |  1.5
Spellcasting   | |  1.0
Hexes          | |  2.6

Action                     |  1- 3 |  4- 6 || total
---------------------------+-------+-------++-------
   Fire: Sling             |   100 |    23 ||   123
    Use: Scroll            |     1 |     3 ||     4
 Armour: Robe              |    10 |     2 ||    12
         Leather armour    |       |     3 ||     3
  Dodge: Dodged            |    32 |    11 ||    43

Table legend:
 A = Non-vault XP
 B = Vault XP
 C = Vault XP percentage of total XP
 D = Non-vault monster count
 E = Vault monster count
 F = Vault count percentage of total count
                 A         B        C        D         E       F
            +---------+---------+-------+---------+---------+-------
      Total |     131 |       0 |   0.0 |      39 |       0 |   0.0
            +---------+---------+-------+---------+---------+-------
        D:1 |      28 |       0 |   0.0 |      17 |       0 |   0.0
        D:2 |      93 |       0 |   0.0 |      18 |       0 |   0.0
        D:3 |      10 |       0 |   0.0 |       4 |       0 |   0.0
            +---------+---------+-------+---------+---------+-------
